 Dungeon Crawl Stone Soup version 0.17.1-3-g152610e (webtiles) character file.

859 manyhoops the Magician (level 7, -1/36 HPs)
             Began as a Deep Elf Ice Elementalist on Apr 15, 2016.
             Slain by a water moccasin zombie (7 damage)
             ... in an ossuary.
             The game lasted 00:17:33 (5604 turns).

manyhoops the Magician (Deep Elf Ice Elementalist)  Turns: 5604, Time: 00:17:33

Health: -1/36      AC:  7    Str:  6    XL:     7   Next: 71%
Magic:  19/19      EV: 13    Int: 21    God:
Gold:   125        SH:  0    Dex: 15    Spells: 6 memorised, 2 levels left

rFire  . . .     SeeInvis +     z - +0 scythe (protect)
rCold  . . .     Clarity  .     a - +0 robe
rNeg   . . .     SustAt   .     (shield currently unavailable)
rPois  .         Gourm    .     (no helmet)
rElec  .         Spirit   .     (no cloak)
rCorr  .         Warding  .     (no gloves)
rMut   .         Stasis   .     (no boots)
MR     .....                    (no amulet)
Stlth  +++.......               (no ring)
                                h - ring of see invisible

@: not resistant to hostile enchantments, fairly stealthy
A: no striking features
a: no special abilities


You were in an ossuary.
You were not hungry.

You visited 1 branch of the dungeon, and saw 4 of its levels.
You also visited: Ossuary.

You collected 125 gold pieces.

Inventory:

Hand Weapons
 e - a +0 dagger
 z - a +0 scythe of protection (weapon)
Armour
 a - a +0 robe (worn)
Jewellery
 h - a ring of see invisible (left hand)
Wands
 q - a wand of slowing (14)
Scrolls
 d - a scroll of remove curse
 i - a scroll of fog
 k - 3 scrolls of immolation
 n - 3 scrolls of amnesia {unknown}
 t - 2 scrolls of teleportation
 v - a scroll of enchant weapon {unknown}
 y - a scroll of blinking {unknown}
Potions
 f - a potion of haste
 g - a potion of flight
 l - a potion of curing {unknown}
 p - a potion of agility {unknown}
 r - 2 potions of brilliance {unknown}
 s - a potion of cure mutation {unknown}
 w - a potion of lignification
 A - a potion of resistance {unknown}
 B - a potion of degeneration {unknown}
Books
 b - a book of Frost

   Spells                             Type                      Level
   a - Freeze                         Ice                          1
   b - Throw Frost                    Conjuration/Ice              2
   c - Ozocubu's Armour               Charms/Ice                   3
   d - Throw Icicle                   Conjuration/Ice              4
   e - Summon Ice Beast               Ice/Summoning                4
   f - Condensation Shield            Ice                          4
 u - an Akashic Record

   Spells                             Type                      Level
   a - Dispersal                      Translocation                6
   b - Malign Gateway                 Summoning/Translocation      7
   c - Disjunction                    Translocation                8
   d - Controlled Blink               Translocation                8
Comestibles
 c - 3 bread rations
 m - 4 fruits
 o - a royal jelly


   Skills:
 - Level 2.4 Dodging
 - Level 5.4 Stealth
 + Level 7.0 Spellcasting
 + Level 4.3 Conjurations
 - Level 0.4 Charms
 + Level 6.1 Ice Magic


You had 2 spell levels left.
You knew the following spells:

 Your Spells              Type           Power        Failure   Level  Hunger
a - Freeze                Ice            ####         1%          1    None
b - Throw Frost           Conj/Ice       ####..       1%          2    None
c - Ozocubu's Armour      Chrm/Ice       ###.....     10%         3    #......
d - Condensation Shield   Ice            ####......   10%         4    ###....
e - Throw Icicle          Conj/Ice       ####....     12%         4    ###....
f - Summon Ice Beast      Ice/Summ       ###.....     28%         4    ###....


Dungeon Overview and Level Annotations

Branches:
Dungeon (4/15)
 Temple: D:4-7

Altars:
Cheibriados
Kikubaaqudgha
Ru
Trog


Message History

The water moccasin zombie closely misses you.
The water moccasin zombie barely misses you.
The water moccasin zombie closely misses you.
You hit the water moccasin zombie. The water moccasin zombie bites you.
* * * LOW HITPOINT WARNING * * *
The water moccasin zombie barely misses you.
You are too injured to fight recklessly!
You are too injured to fight recklessly!
You are too injured to fight recklessly!
You are too injured to fight recklessly!
You are too injured to fight recklessly!
You closely miss the water moccasin zombie.
The water moccasin zombie bites you.
* * * LOW HITPOINT WARNING * * *
The water moccasin zombie bites you.
* * * LOW HITPOINT WARNING * * *
You closely miss the water moccasin zombie.
The water moccasin zombie bites you but does no damage.
The water moccasin zombie bites you!
You die...

##################
#∩^.#...'^.^^#...#
#^^.'...#^^^^'...'
#@..#...#.^.^#...#
#Z################


#ZZ # #ZZ. # #...# # #...# # ##+## # # # You could see an adder zombie, 2 water
moccasin zombies, a big kobold zombie and an orc zombie.

Vanquished Creatures
  Sigmund (D:3)
  An ogre (D:3)
  2 water moccasin zombies (Ossuary)
  2 vampire bats (D:2)
  A hound (D:4)
  An orc priest (D:3)
  2 orc wizards
  4 big kobold zombies (Ossuary)
  3 adders
  4 gnolls (D:2)
  2 oozes (D:2)
  2 adder zombies (Ossuary)
  4 worms
  4 giant geckos
  8 orcs
  2 ball pythons
  12 bats
  2 bat skeletons (D:2)
  4 bat zombies (D:2)
  5 giant cockroaches
  16 hobgoblins
  7 giant newts
  2 gnoll zombies (Ossuary)
  10 goblins
  6 hobgoblin zombies (Ossuary)
  7 jackals
  14 kobolds
  5 kobold zombies (Ossuary)
  An orc zombie (D:4)
  A quokka (D:2)
  10 rats
145 creatures vanquished.

Notes
Turn   | Place    | Note
--------------------------------------------------------------
     0 | D:1      | manyhoops the Deep Elf Ice Elementalist began the quest for the Orb.
     0 | D:1      | Reached XP level 1. HP: 10/10 MP: 6/6
   377 | D:1      | Reached XP level 2. HP: 15/15 MP: 8/8
   536 | D:1      | Reached skill level 4 in Ice Magic
   572 | D:1      | Reached XP level 3. HP: 8/19 MP: 0/10
  1177 | D:1      | Learned a level 2 spell: Throw Frost
  1181 | D:1      | Learned a level 3 spell: Ozocubu's Armour
  1182 | D:2      | Found a bloodstained altar of Trog.
  1969 | D:2      | Reached XP level 4. HP: 21/24 MP: 10/12
  2320 | D:2      | Found an ancient bone altar of Kikubaaqudgha.
  2347 | D:2      | Reached skill level 5 in Spellcasting
  2415 | D:2      | Reached skill level 5 in Ice Magic
  2415 | D:2      | Reached XP level 5. HP: 11/28 MP: 10/14
  2421 | D:2      | Learned a level 4 spell: Condensation Shield
  2853 | D:2      | Found a snail-covered altar of Cheibriados.
  3037 | D:3      | Found a sacrificial altar of Ru.
  3044 | D:3      | Noticed Sigmund
  3575 | D:3      | Noticed an ogre
  4016 | D:3      | Reached XP level 6. HP: 29/32 MP: 8/16
  4019 | D:3      | Reached skill level 6 in Spellcasting
  4413 | D:3      | Learned a level 4 spell: Throw Icicle
  4489 | D:3      | Killed Sigmund
  4573 | D:3      | Killed an ogre
  4573 | D:3      | Reached skill level 5 in Stealth
  4573 | D:3      | Reached XP level 7. HP: 15/36 MP: 6/18
  4898 | D:4      | Found a sand-covered staircase.
  4979 | Ossuary  | Entered an ossuary
  4992 | Ossuary  | Learned a level 4 spell: Summon Ice Beast
  5590 | Ossuary  | Reached skill level 7 in Spellcasting
  5604 | Ossuary  | Slain by a water moccasin zombie

Action                   |  1- 3 |  4- 6 |  7- 9 || total
-------------------------+-------+-------+-------++-------
Melee: Unarmed           |     5 |       |       ||     5
       Dagger            |    23 |    80 |       ||   103
       Scythe            |       |       |   170 ||   170
 Cast: Freeze            |    73 |    81 |    29 ||   183
       Throw Frost       |     2 |    25 |       ||    27
       Ozocubu's Armour  |       |     6 |     5 ||    11
  Use: Scroll            |       |     8 |     1 ||     9
 Stab: Sleeping          |     2 |     2 |     1 ||     5
       Distracted        |       |     1 |       ||     1
  Eat: Chunk             |     2 |     9 |     2 ||    13
       Meat ration       |       |       |     1 ||     1
